Map: Ghost River LE

Players

ProtossFan (uThermal) - Winner!

  • Race: Protoss Protoss
  • League: Grandmaster
  • Spawn Location: 1:00

sebesdes

  • Race: Protoss Protoss
  • League: Grandmaster
  • Spawn Location: 11:00

Event: HomeStory Cup XXV

VOD

Have the link to the VOD?

Description

Time

  • Played on: June 21, 2024, 1:48 p.m.
  • Length: 4:16

All games in this series

Show
View Real Time Build Order
Export as new Build Order

ProtossFan Protoss - Winner!

Build Orders:  

Get SALT Encoding   

  12  0:00  Probe  
  13  0:12  Probe  
  14  0:20  Pylon  
  14  0:24  Probe  
  15  0:39  Gateway, Probe (Chrono Boost)  
  16  0:47  Assimilator, Probe (Chrono Boost)  
  17  0:53  Probe  
  18  1:05  Probe  
  19  1:12  Gateway  
  19  1:13  Gateway  
  19  1:17  Probe  
  20  1:28  Cybernetics Core  
  20  1:30  Probe  
  21  1:37  Pylon  
  21  1:42  Probe  
  21  1:46  Assimilator  
  22  1:54  Probe  
  23  2:03  Stalker (Chrono Boost)  
  23  2:04  Stalker (Chrono Boost)  
  27  2:13  Pylon  
  27  2:21  Stalker (Chrono Boost)  
  29  2:28  Stalker  
  31  2:36  Stalker  
  33  2:43  Probe  
  34  2:51  Pylon  
  34  2:55  Stalker  
  36  3:03  Stalker  
  38  3:11  Stalker  
  38  3:21  Probe  
  38  3:25  Stalker  
  41  3:38  Stalker  
  43  3:49  Pylon  
Show
View Real Time Build Order
Export as new Build Order

sebesdes Protoss 

Build Orders:  

Get SALT Encoding   

  12  0:00  Probe  
  13  0:12  Probe  
  14  0:17  Pylon  
  14  0:24  Probe  
  15  0:35  Gateway  
  15  0:36  Probe (Chrono Boost)  
  16  0:46  Assimilator, Probe (Chrono Boost)  
  17  0:51  Probe (Chrono Boost)  
  17  0:55  Assimilator  
  18  1:03  Probe (Chrono Boost)  
  19  1:10  Gateway  
  19  1:15  Probe (Chrono Boost)  
  20  1:23  Cybernetics Core, Probe (Chrono Boost)  
  21  1:29  Probe  
  22  1:34  Pylon  
  22  1:41  Probe  
  23  1:59  Robotics Facility, Adept x2  
  27  2:05  Warp Gate  
  27  2:08  Pylon  
  27  2:29  Stalker x2  
  34  2:59  Stalker  
  33  3:33  Pylon  
  33  3:38  Pylon  
  31  3:42  Shield Battery  
  31  3:44  Probe  
  30  3:54  Stalker  
  30  3:55  Sentry  
  30  4:06  Pylon  
Tags
 
Add a new tag
Caveats
  • Supply blocks, unpowered buildings, or Contaminate may cause inaccurate times.
  • Supply counts are checked every 10 seconds.